 Dungeon Crawl Stone Soup version 0.27.0-1-g7a089689b8 (webtiles) character file.

Game seed: 13253914203088629888

158211 Lochraine the Warrior (level 17, -2/237 HPs)
             Began as a Minotaur Berserker on Aug 13, 2021.
             Was a High Priest of Trog.
             Killed from afar by a tengu reaver (20 damage)
             ... with a bolt of acid
             ... on level 15 of the Dungeon.
             The game lasted 01:10:26 (29231 turns).

Lochraine the Warrior (Minotaur Berserker)         Turns: 29231, Time: 01:10:27

Health: -2/237     AC: 25    Str: 29    XL:     17   Next: 13%
Magic:  16/16      EV: 12    Int:  3    God:    Trog [*****.]
Gold:   2285       SH: 10    Dex: 12    Spells: 16/16 levels left

rFire    + + .     SeeInvis .   V - +12 short sword of the Sea {spect, rN+ Str+2 Int-4}
rCold    + + .     Faith    +   Z - +3 buckler of Ruam Neac {rF+ Stlth+}
rNeg     + . .     Spirit   .   J - +4 chain mail
rPois    +         Reflect  .   K - +0 hat {Int+3}
rElec    +         Harm     .   D - +2 cloak {rPois}
rCorr    +         Rampage  .   s - +2 pair of gloves {Stlth+}
Will     +....                  z - +0 pair of boots
Stlth    ..........             M - amulet of faith {!P}
HPRegen  0.49/turn              B - +4 ring of protection
MPRegen  0.15/turn              k - ring of protection from cold

@: berserking, resistant, corroded, very quick
A: horns 2, retaliatory headbutt
a: Renounce Religion, Berserk, Trog's Hand, Brothers in Arms


You were on level 15 of the Dungeon.
You worshipped Trog.
Trog was extremely pleased with you.
You visited 3 branches of the dungeon, and saw 23 of its levels.
You also visited: Bailey.

You collected 2474 gold pieces.
You spent 189 gold pieces at shops.

Inventory:

Hand Weapons
 V - the +12 short sword of the Sea (weapon) {spect, rN+ Str+2 Int-4}
   (You found it on level 3 of the Lair of Beasts)

   When its wielder attacks, the weapon's spirit leaps out and strikes again.
   The spirit shares a part of any damage it takes with its wielder.
   Str:       It affects your strength (+2).
   Int:       It affects your intelligence (-4).
   rN:        It protects you from negative energy.
 Y - a +8 quick blade of draining
   (Trog gifted it to you on level 3 of the Lair of Beasts)
Missiles
 F - 2 throwing nets (quivered) {!f}
Armour
 c - a +2 kite shield of protection
   (You took it off a tengu warrior on level 12 of the Dungeon)
 s - a +2 pair of gloves of stealth (worn)
   (You found it on level 11 of the Dungeon)
 z - a +0 pair of boots (worn)
   (You found it on level 4 of the Dungeon)
 D - a +2 cloak of poison resistance (worn)
   (You took it off Crazy Yiuf on level 5 of the Dungeon)
 J - a +4 chain mail (worn)
   (You took it off an orc warrior on level 7 of the Dungeon)
 K - a +0 hat of intelligence (worn)
   (You found it on level 7 of the Dungeon)
 Z - the +3 buckler of Ruam Neac (worn) {rF+ Stlth+}
   (You found it on level 6 of the Lair of Beasts)

   rF:        It protects you from fire.
   Stlth:     It makes you more stealthy.
Jewellery
 k - a ring of protection from cold (right hand)
   (You found it on level 6 of the Lair of Beasts)
 B - a +4 ring of protection (left hand)
   (You found it on level 15 of the Dungeon)
 M - an amulet of faith (around neck) {!P}
   (You found it on level 9 of the Dungeon)
 O - a ring of positive energy
   (You found it on level 10 of the Dungeon)
 Q - a ring of flight
   (You found it on level 2 of the Lair of Beasts)
 T - a +4 ring of protection
   (You found it on level 15 of the Dungeon)
 X - a ring of poison resistance
   (You found it on level 4 of the Lair of Beasts)
Wands
 d - a wand of iceblast (18)
   (You found it on level 1 of the Lair of Beasts)
 m - a wand of mindburst (24)
   (You found it on level 2 of the Dungeon)
 t - a wand of flame (70)
   (You took it off Dowan on level 4 of the Dungeon)
 u - a wand of paralysis (8)
   (You found it on level 5 of the Dungeon)
 v - a wand of digging (3)
   (You took it off Duvessa on level 4 of the Dungeon)
 x - a wand of acid (7)
   (You found it on level 8 of the Dungeon)
 I - a wand of charming (5)
   (You found it on level 7 of the Dungeon)
 U - a wand of polymorph (12)
   (You found it on level 2 of the Lair of Beasts)
Scrolls
 f - 6 scrolls of vulnerability {!r}
 g - 2 scrolls of fog
 i - a scroll of brand weapon
 l - a scroll of magic mapping
 n - 2 scrolls of enchant armour
 o - 2 scrolls of blinking
 q - 2 scrolls of amnesia
 w - 5 scrolls of teleportation {@r4}
 A - 4 scrolls of immolation {!r}
 H - a scroll of acquirement
 L - 3 scrolls of fear
 N - 2 scrolls of enchant weapon
 R - 8 scrolls of identify {@r1}
 S - a scroll of summoning
Potions
 a - 3 potions of mutation {!q}
 b - a potion of magic
 j - 4 potions of haste {@q3}
 p - 7 potions of curing {@q1}
 r - 3 potions of flight
 y - 2 potions of lignification {!q}
 C - 3 potions of heal wounds {@q2}
 E - 3 potions of invisibility
 G - a potion of resistance
 P - a potion of cancellation
 W - 4 potions of might
Miscellaneous
 e - a condenser vane
   (You found it on level 13 of the Dungeon)
 h - a phantom mirror
   (You found it on level 6 of the Lair of Beasts)


   Skills:
 + Level 15.9 Fighting
 - Level 13.4 Short Blades
 - Level 3.7(6.6) Axes
 - Level 8.5(8.9) Polearms
 + Level 12.3 Armour
 + Level 8.5 Dodging
 - Level 15.0 Shields
 + Level 12.5 Evocations


You had 16 spell levels left.
You didn't know any spells.
Your spell library was empty.

Dungeon Overview and Level Annotations

Branches:
Dungeon (15/15)            Temple (0/1) D:5            Lair (6/6) D:9
  Swamp (0/4) Lair:4       Spider (0/4) Lair:3        Slime (0/5) Lair:5
    Orc (2/2) D:12            Elf (0/3) Orc:2        Vaults (0/5) D:13
 Bailey (visited)
 Depths: D:15

Altars:
Dithmenos
Elyvilon
Gozag
Hepliaklqana
Makhleb
Okawaru
Ru
Sif Muna
Vehumet
Wu Jian
Xom
Yredelemnul
Beogh
Jiyva
Lugonu

Shops:
D:1 (   D:3 :   Orc:1 ?   Orc:2 =**[

Portals:
Abyss: Lair:6

Annotations:
Lair:1 1 runed translucent door, Wuochyse's ghost, journeyman DEWz
Lair:4 exclusion: oklob plant


Innate Abilities, Weirdness & Mutations

You have a pair of horns on your head.
You reflexively headbutt those who attack you in melee.


Message History

* * * LOW HITPOINT WARNING * * *
The tengu reaver hits you with a +0 long sword.
* * * LOW HITPOINT WARNING * * *
The tengu reaver pecks you but does no damage.
You block the tengu reaver's attack.
Okay, then.
A red film seems to cover your vision as you go berserk!
You feel yourself moving faster!
You feel mighty!
The tengu reaver blocks your ogre's attack.
Something hits your ogre!
The frost giant hits you with a +2 battleaxe of freezing!!
* * * LOW HITPOINT WARNING * * *
The frost giant freezes you.
* * * LOW HITPOINT WARNING * * *
The tengu reaver hits you with a +0 long sword.
* * * LOW HITPOINT WARNING * * *
The tengu reaver pecks you.
* * * LOW HITPOINT WARNING * * *
The tengu reaver claws you but does no damage.
You hit the frost giant but do no damage.
Your spectral +12 short sword of the Sea {spect, rN+ Str+2 Int-4} hits the frost giant.
An efreet comes into view.
It is wielding a +1 scimitar of flaming.
Your ogre hits the tengu reaver with a +0 giant club.
You impale the frost giant!! You headbutt the frost giant.
Your spectral +12 short sword of the Sea {spect, rN+ Str+2 Int-4} hits the frost giant.
Something hits your ogre!
The frost giant points at your spectral +12 short sword of the Sea {spect, rN+ Str+2 Int-4} and mumbles some strange words.
The bolt of cold hits your spectral +12 short sword of the Sea {spect, rN+ Str+2 Int-4}!
Your spectral +12 short sword of the Sea {spect, rN+ Str+2 Int-4} resists.
Your spectral weapon shares its damage with you!
* * * LOW HITPOINT WARNING * * *
You puncture the frost giant!
Your spectral +12 short sword of the Sea {spect, rN+ Str+2 Int-4} hits the frost giant!
You kill the frost giant!
Trog accepts your kill.
Trog appreciates your killing of a magic user.
The tengu reaver hits you with a +0 long sword!
* * * LOW HITPOINT WARNING * * *
The tengu reaver pecks you but does no damage.
The tengu reaver claws you.
* * * LOW HITPOINT WARNING * * *
The tengu reaver blocks your ogre's attack.
You puncture the tengu reaver!
The tengu reaver blocks your spectral +12 short sword of the Sea {spect, rN+ Str+2 Int-4}'s attack.
The tengu reaver blocks your attack.
Your spectral +12 short sword of the Sea {spect, rN+ Str+2 Int-4} hits the tengu reaver.
Something hits your ogre.
The tengu reaver gestures at you while chanting.
The bolt of acid hits you!! You resist.
You die...

..........#○##.
...........○.'.
#.....#.....##..
#......#....#'### ##
#...≈≈..........## ##.
#..≈≈≈.#........#'#+#..
###.≈≈{.................
##.....OQ(..........#....
#....#..@..#............#
#....##.....#......#.....
##..###................#.
#### #####.......#......
##.'...........#..
##..#......#.......
#...##'#.......#...
#......##..........
##_!.(######)###[##


You could see a tengu reaver, a friendly ogre (summoned, berserk) and a friendly
spectral +12 short sword of the Sea {spect, rN+ Str+2 Int-4} (summoned).

Vanquished Creatures
  Frances (D:12)
  A frost giant (D:15)
  An orc warlord (Bailey)
  Azrael (D:15)
  2 great orbs of eyes (D:15)
  Fannar (D:10)
  6 boulder beetles
  3 vault guards (D:15)
  Erolcha (D:12)
  Erica (Lair:2)
  9 hydras
  6 centaur warriors
  3 catoblepae
  A two-headed ogre (D:12)
  9 death yaks
  3 thrashing horrors (Lair:6)
  An orc high priest (Orc:2)
  3 tengu warriors
  Sonja (Lair:2)
  The ghost of MajorAdolf the Unseen, a novice NaWn (D:7)
  2 spriggan berserkers (D:15)
  A deep troll (D:11)
  A glowing orange brain (D:15)
  A flayed ghost (D:15)
  3 orc knights
  A phantasmal warrior (D:12)
  An orb spider (Lair:3)
  4 orc sorcerers (Orc:2)
  2 deep elf pyromancers
  A wolf spider (shapeshifter) (D:11)
  5 ugly things
  5 cyclopes
  2 manticores
  5 black mambas
  An elephant (shapeshifter) (Lair:6)
  12 elephants
  A smoke demon (Lair:6)
  An eye of devastation (shapeshifter) (D:11)
  2 gargoyles
  2 torpor snails
  Joseph (D:7)
  8 cane toads
  A yaktaur (D:12)
  2 kobold demonologists (D:11)
  14 rime drakes
  8 komodo dragons
  3 tengu conjurers
  An ancient zyme (Lair:6)
  A freezing wraith (D:12)
  6 trolls
  A polar bear (Lair:5)
  3 meliai (D:14)
  A jumping spider (shapeshifter) (D:15)
  3 hornets
  Prince Ribbit (D:7)
  17 blink frogs
  Grinder (D:4)
  2 large abominations (Lair:6)
  6 dream sheep
  A water elemental (D:14)
  3 shadows
  25 wyverns
  A ynoxinul (Lair:6)
  3 spriggans
  4 wraiths
  Eustachio (D:6)
  53 yaks
  2 vampires
  2 steam dragons
  3 fire bats (Lair:3)
  6 fire elementals (D:15)
  A hog (shapeshifter) (D:14)
  3 humans (D:13)
  3 chaos spawn (Lair:6)
  10 basilisks
  8 small abominations (Lair:6)
  8 vampire mosquitoes (Lair:4)
  5 wargs
  Menkaure (D:6)
  20 water moccasins
  2 hell hounds (D:15)
  Duvessa (D:4)
  A floating eye (D:15)
  12 orc warriors
  3 black bears
  A necrophage (D:8)
  6 ogres
  13 centaurs
  16 wolves
  3 kobold brigands
  12 bullfrogs
  3 gnoll sergeants
  A scorpion (D:3)
  A water moccasin zombie (D:5)
  Dowan (D:4)
  7 killer bees
  3 wights (D:9)
  5 electric eels
  A howler monkey (D:5)
  4 centaur zombies
  4 hounds
  Crazy Yiuf (D:5)
  A centaur skeleton (D:5)
  11 orc priests
  3 iguanas
  25 orc wizards
  A scorpion zombie (D:5)
  10 hell rats (Lair:5)
  A killer bee zombie (D:5)
  2 howler monkey zombies
  Robin (D:3)
  17 gnolls
  A howler monkey skeleton (D:6)
  4 adders
  A shadow imp (D:7)
  A white imp (D:7)
  2 ufetubi
  An adder skeleton (D:4)
  2 worms (D:2)
  28 orcs
  6 endoplasms
  5 giant cockroaches
  12 hobgoblins
  8 jackals
  2 quokkas
  5 ball pythons
  4 bats
  4 frilled lizards
  15 goblins
  21 kobolds
  4 rats
  A spectral orc (D:3)
651 creatures vanquished.

Vanquished Creatures (collateral kills)
  Snorg (Lair:3)
  A hydra (Lair:6)
  6 vault guards (D:13)
  10 death yaks
  An orc knight (Orc:1)
  2 elephants (Lair:6)
  A cane toad (Lair:2)
  A komodo dragon (Lair:2)
  6 blink frogs (Lair:6)
  4 basilisks
  2 humans (D:13)
  5 yaks (Lair:5)
  A chaos spawn (Lair:6)
  A water moccasin (Lair:6)
  3 orc warriors
  2 small abominations (Lair:6)
  3 orc priests
  A hell rat (Lair:5)
  10 orcs
61 creatures vanquished.

Vanquished Creatures (others)
  A manticore (D:15)
  A human (D:13)
  An orc wizard (Orc:2)
  A bush (Lair:5)
  43 fungi
  42 plants
89 creatures vanquished.

Grand Total: 801 creatures vanquished

Notes
Turn   | Place    | Note
-------+----------+-------------------------------------------
     0 | D:1      | Lochraine the Minotaur Berserker began the quest for the
                  | Orb.
     0 | D:1      | Reached XP level 1. HP: 19/19 MP: 0/0
    57 | D:1      | Found Icaexuq's Antique Weapon Boutique.
   248 | D:1      | Found a faded altar of an unknown god.
   655 | D:1      | Reached XP level 2. HP: 24/27 MP: 1/1
  1021 | D:2      | Found a basalt altar of Yredelemnul.
  1230 | D:2      | Reached XP level 3. HP: 34/34 MP: 2/2
  1352 | D:2      | Reached ** piety under Trog
  1801 | D:3      | Noticed a scorpion
  1809 | D:3      | Killed a scorpion
  1810 | D:3      | Reached skill level 5 in Fighting
  1810 | D:3      | Reached XP level 4. HP: 19/42 MP: 3/3
  2039 | D:3      | Found Inekk's Book Emporium.
  2204 | D:3      | Noticed Robin
  2227 | D:3      | Reached XP level 5. HP: 48/48 MP: 4/4
  2233 | D:3      | Killed Robin
  2566 | D:3      | Noticed a black bear
  2574 | D:3      | Killed a black bear
  2575 | D:3      | Reached skill level 5 in Armour
  2626 | D:3      | Found a basalt altar of Yredelemnul.
  2748 | D:4      | Reached XP level 6. HP: 25/57 MP: 5/5
  3000 | D:4      | Found a burning altar of Makhleb.
  3080 | D:4      | Noticed Grinder
  3082 | D:4      | Paralysed by Grinder for 6 turns
  3107 | D:4      | Killed Grinder
  3108 | D:4      | Reached XP level 7. HP: 54/66 MP: 6/6
  3224 | D:4      | Noticed Dowan
  3228 | D:4      | Noticed Duvessa
  3250 | D:4      | Killed Duvessa
  3255 | D:4      | Killed Dowan
  3332 | D:4      | Found a hazy altar of Hepliaklqana.
  3332 | D:4      | Found a shadowy altar of Dithmenos.
  3334 | D:4      | Noticed a shadow
  3665 | D:5      | Entered Level 5 of the Dungeon
  3717 | D:5      | Reached *** piety under Trog
  3768 | D:5      | Found a sacrificial altar of Ru.
  3799 | D:5      | Found an ornate altar of the Wu Jian Council.
  3885 | D:5      | Found a white marble altar of Elyvilon.
  3939 | D:5      | Reached skill level 1 in Evocations
  3942 | D:5      | Reached XP level 8. HP: 75/75 MP: 7/7
  4069 | D:5      | Found a runed translucent door.
  4070 | D:5      | Noticed Crazy Yiuf
  4077 | D:5      | Killed Crazy Yiuf
  4325 | D:5      | Found a staircase to the Ecumenical Temple.
  4642 | D:6      | Noticed Menkaure
  4658 | D:6      | Killed Menkaure
  4944 | D:6      | Noticed Eustachio
  4975 | D:6      | Killed Eustachio
  5581 | D:7      | Noticed Prince Ribbit
  5595 | D:7      | Killed Prince Ribbit
  5596 | D:7      | Reached XP level 9. HP: 85/85 MP: 8/8
  5643 | D:7      | Reached skill level 10 in Fighting
  5686 | D:7      | Found a runed translucent gate.
  5688 | D:7      | Found a runed translucent gate.
  5689 | D:7      | Found a runed translucent gate.
  5902 | D:7      | Noticed MajorAdolf's ghost (novice NaWn)
  5938 | D:7      | Reached **** piety under Trog
  5987 | D:7      | Killed MajorAdolf's ghost
  5988 | D:7      | Reached skill level 10 in Armour
  5988 | D:7      | Reached skill level 5 in Evocations
  6579 | D:7      | Noticed Joseph
  6594 | D:7      | Killed Joseph
  6845 | D:8      | Reached skill level 1 in Polearms
  6895 | D:8      | Reached XP level 10. HP: 95/95 MP: 9/9
  7088 | D:8      | Found a shimmering altar of Xom.
  7092 | D:8      | Found a shimmering altar of Xom.
  7093 | D:8      | Found a shimmering altar of Xom.
  7093 | D:8      | Found a shimmering altar of Xom.
  7093 | D:8      | Found a shimmering altar of Xom.
  7094 | D:8      | Found a shimmering altar of Xom.
  7234 | D:8      | Noticed a salamander
  7302 | D:8      | Noticed an eye of devastation
  7419 | D:8      | Noticed a lindwurm
  8082 | D:9      | Reached skill level 1 in Shields
  9369 | D:9      | Found a staircase to the Lair.
  9844 | D:10     | Entered Level 10 of the Dungeon
  9849 | D:10     | Noticed Fannar
  9909 | D:9      | Reached skill level 5 in Shields
 10106 | D:10     | Reached skill level 5 in Polearms
 10186 | D:10     | Killed Fannar
 10538 | D:10     | Reached XP level 11. HP: 102/102 MP: 10/10
 10613 | D:10     | Found an opulent altar of Gozag.
 10826 | D:10     | Found a shimmering blue altar of Sif Muna.
 10949 | Lair:1   | Entered Level 1 of the Lair of Beasts
 11395 | Lair:1   | Found a runed translucent door.
 11397 | Lair:1   | Identified the +2 spear of Beyond {elec, Fragile rPois
                  | Will++ Str+2 SInv}
 11400 | Lair:1   | Noticed Wuochyse's ghost (journeyman DEWz)
 11496 | Lair:1   | Noticed a five-headed hydra
 11506 | Lair:1   | Killed a five-headed hydra
 11598 | Lair:1   | You fall into a shaft and drop 1 floor!
 11900 | Lair:1   | Reached ***** piety under Trog
 12282 | Lair:2   | Found the +4 skin of Zhor {*Englaciate rC+++ SInv}
 12306 | Lair:2   | Reached skill level 10 in Shields
 12451 | Lair:2   | Noticed Erica
 12453 | Lair:2   | Noticed a catoblepas
 12570 | Lair:2   | Noticed Sonja
 12572 | Lair:2   | Killed Sonja
 12931 | Lair:2   | Killed a catoblepas
 12932 | Lair:2   | Reached XP level 12. HP: 110/110 MP: 11/11
 13094 | Lair:2   | Killed Erica
 13373 | Lair:3   | Identified the +12 short sword of the Sea {spect, rN+ Str+2
                  | Int-4}
 13458 | Lair:3   | Reached skill level 1 in Short Blades
 13888 | Lair:3   | Noticed a five-headed hydra
 13896 | Lair:3   | Killed a five-headed hydra
 14339 | Lair:3   | Found a hole to the Spider Nest.
 14341 | Lair:3   | Received a gift from Trog
 14644 | Lair:3   | Reached skill level 5 in Short Blades
 14790 | Lair:3   | Noticed Snorg
 14797 | Lair:3   | Killed Snorg
 14837 | Lair:3   | Identified the +1 ring mail "Lerekly" {rC+}
 14918 | Lair:4   | Noticed a four-headed hydra
 14925 | Lair:4   | Killed a four-headed hydra
 15022 | Lair:4   | Noticed an eight-headed hydra
 15029 | Lair:4   | Killed an eight-headed hydra
 15134 | Lair:4   | Found a staircase to the Swamp.
 15166 | Lair:4   | Reached XP level 13. HP: 90/119 MP: 12/12
 17224 | Lair:5   | Received a gift from Trog
 17228 | Lair:5   | Reached skill level 10 in Evocations
 17658 | Lair:5   | Identified the +0 ring mail of the Other World {Rampage
                  | Will+}
 17828 | Lair:5   | Reached XP level 14. HP: 86/129 MP: 13/13
 18257 | Lair:5   | Found a viscous altar of Jiyva.
 18257 | Lair:5   | Found a staircase to the Slime Pits.
 18593 | Lair:6   | Entered Level 6 of the Lair of Beasts
 18640 | Lair:6   | Reached skill level 10 in Short Blades
 19280 | Lair:6   | Reached skill level 15 in Shields
 19313 | Lair:6   | Received a gift from Trog
 20508 | Lair:6   | Received a gift from Trog
 20525 | Lair:6   | Found a corrupted altar of Lugonu.
 20525 | Lair:6   | Found a one-way gate to the infinite horrors of the Abyss.
 20543 | Lair:6   | Identified the +3 buckler of Ruam Neac {rF+ Stlth+}
 21724 | D:11     | Found a runed translucent door.
 21869 | D:11     | Reached XP level 15. HP: 139/139 MP: 14/14
 22412 | D:12     | Noticed Frances
 22420 | D:12     | Killed Frances
 22483 | D:12     | Found a staircase to the Orcish Mines.
 22522 | Orc:1    | Entered Level 1 of the Orcish Mines
 22686 | Orc:2    | Entered Level 2 of the Orcish Mines
 22717 | Orc:1    | Found Loenuary's Magic Scroll Emporium.
 22811 | Orc:1    | Bought a scroll of teleportation for 42 gold pieces
 22811 | Orc:1    | Bought a scroll of teleportation for 42 gold pieces
 22811 | Orc:1    | Bought a scroll of blinking for 105 gold pieces
 23163 | Orc:2    | Found a staircase to the Elven Halls.
 23326 | Orc:2    | Received a gift from Trog
 23443 | Orc:2    | Paralysed by an orc sorcerer for 6 turns
 23519 | Orc:2    | Found Titous's Assorted Antiques.
 23519 | Orc:2    | Found Utasm's Armour Emporium.
 23519 | Orc:2    | Found Mais's General Store.
 23579 | Orc:2    | Found Juwn's Jewellery Shoppe.
 23899 | D:12     | Reached skill level 15 in Fighting
 23912 | D:12     | Identified the +8 hunting sling "Niobiakk" {vorpal, rF-
                  | Dex+4 Stlth+}
 23913 | D:12     | Identified the +7 hand crossbow of Youthful Indiscretion
                  | {penet, rN+}
 25250 | D:12     | Noticed Erolcha
 25262 | D:12     | Killed Erolcha
 26468 | D:13     | Found a gate to the Vaults.
 27272 | D:14     | Received a gift from Trog
 27292 | D:14     | Found a flagged portal.
 27299 | Bailey   | Entered a bailey
 27304 | Bailey   | Noticed an orc warlord
 27305 | Bailey   | Identified a scroll of acquirement
 27362 | Bailey   | Found a runed translucent gate.
 27364 | Bailey   | Found a runed translucent gate.
 27365 | Bailey   | Found a runed translucent gate.
 27479 | Bailey   | Killed an orc warlord
 27480 | Bailey   | Reached skill level 5 in Dodging
 27507 | Bailey   | Reached XP level 16. HP: 149/149 MP: 15/15
 28091 | D:15     | Entered Level 15 of the Dungeon
 28754 | D:15     | Found a radiant altar of Vehumet.
 28773 | D:15     | Paralysed by a floating eye for 3 turns
 28780 | D:15     | Reached XP level 17. HP: 142/158 MP: 16/16
 28828 | D:15     | Noticed Azrael
 28859 | D:15     | Killed Azrael
 28997 | D:15     | Identified the +7 war axe "Icsonabb" {freeze, Str+5}
 29175 | D:15     | Found an iron altar of Okawaru.
 29231 | D:15     | Killed from afar by a tengu reaver

Illustrated notes

Levels and vault maps discovered:
D:1:      ebering_trefoil_3fold, layout_loops_ring,
          shapermc_ecumenical_altar_petra, serial_shops, shop_coins,
          chequers_serial_rivers_small_3
D:2:      layout_basic, basic_altar
D:3:      layout_loops_ring, yredelemnul_forgotten_temple_becter, serial_shops,
          nicolae_lakefront_shop, minmay_misc_feat_nine_boxes, uniq_robin
D:4:      layout_gridville, lemuel_doored_altar,
          riverfiend_overflow_shadow_ancestor, minmay_diced_spiral,
          uniq_grinder, uniq_duvessa
D:5:      layout_rooms, amcnicky_altar_gilded, old_standard_altar,
          nicolae_ru_great_annihilating_truth, minmay_temple_entry_glassed_door,
          nrook_campfire, uniq_crazy_yiuf_cottage
D:6:      layout_basic, uniq_menkaure, uniq_eustachio
D:7:      layout_rooms, biasface_ghost_orc_armoury, uniq_joseph,
          uniq_prince_ribbit1
D:8:      layout_layer_cave, xom_shifter_show
D:9:      layout_basic, erik_lair_island
D:10:     layout_cross, grunt_gozag_breadcrumbs, kennysheep_orc_sif_temple,
          uniq_fannar
D:11:     layout_roguey, minivault_13
D:12:     layout_irregular_city, minmay_orc_entry_guard_dogs, minmay_radiant,
          uniq_frances, uniq_erolcha
D:13:     layout_gridville, ximxim_vaults_locker_room
D:14:     layout_loops_cross, gauntlet_entry_generic, serial_bayou_ford_a,
          enter_bailey_2
D:15:     hangedman_spin_cycle
Lair:1:   layout_cave_pods, ebering_ghost_funeral_grove,
          chequers_serial_rivers_micro_a
Lair:2:   layout_loops_ring, hellmonk_guarded_unrand_zhor, uniq_sonja,
          uniq_erica
Lair:3:   layout_loops_ring, nicolae_spider_entry_orb_guardian,
          nicolae_volcano_entry_batcave, uniq_snorg
Lair:4:   layout_layer_cave, minmay_swamp_entry_swarm, minmay_lair_oklob_bushes
Lair:5:   layout_roguey [special_room_mythical_zoo],
          dpeg_slime_entry_enclosed_altar, special_room
          [special_room_mythical_zoo], beast_lair_carwin_7
Lair:6:   hellmonk_lair_end_abyssal_woods, layout_cave_pods,
          infiniplex_staircase_pool, grunt_megastairs_1
Orc:1:    cheibrodos_orc_arena, layout_caves, serial_shops, shop_statue
Orc:2:    st_orc_mages, layout_caves

Skill      XL: |  1  2  3  4  5  6  7  8  9 10 11 12 13 14 15 16 |
---------------+-------------------------------------------------+-----
Fighting       | 4 5 6 7 8 9 11 12 13 14 15 | 15.9
Armour         | 3 4 5 6 8 9 10 11 12 | 12.3
Evocations     | 1 4 5 7 8 9 10 11 12 | 12.5
Polearms       | 2 5 8 |  8.5
Shields        | 7 10 12 14 15 | 15.0
Short Blades   | 6 9 12 13 | 13.4
Dodging        | 7 8 |  8.5
Axes           | |  3.7

Action                   |  1- 3 |  4- 6 |  7- 9 | 10-12 | 13-15 | 16-18 || total
-------------------------+-------+-------+-------+-------+-------+-------++-------
Melee: Short sword       |    74 |   108 |   300 |   166 |  1020 |   125 ||  1793
       Hand axe          |     4 |       |       |       |       |       ||     4
       Headbutt          |    10 |    18 |    70 |   100 |   280 |    35 ||   513
       Spear             |       |       |       |   365 |       |       ||   365
Invok: Berserk           |       |     2 |    11 |    17 |     8 |     1 ||    39
       Trog's Hand       |       |     1 |     1 |       |     8 |     2 ||    12
       Brothers in Arms  |       |       |       |     2 |     9 |     3 ||    14
Evoke: Wand              |     1 |     5 |     1 |    12 |     8 |     4 ||    31
  Use: Scroll            |       |       |     3 |    15 |    11 |     4 ||    33
       Potion            |       |       |       |     3 |     1 |     1 ||     5
 Stab: Paralysed         |       |       |     3 |       |       |       ||     3
       Distracted        |       |       |       |     3 |     9 |     3 ||    15
       Petrified         |       |       |       |       |     8 |       ||     8
Armor: Ring mail         |     4 |       |       |       |       |       ||     4
       Animal skin       |     2 |       |       |       |       |       ||     2
       Plate armour      |    44 |    82 |   198 |       |       |       ||   324
       Chain mail        |       |       |    32 |   218 |   305 |    48 ||   603
Dodge: Dodged            |    20 |    45 |   157 |   111 |   196 |    17 ||   546
Block: Kite shield       |       |       |       |   240 |   187 |    13 ||   440
       Buckler           |       |       |       |       |   174 |    15 ||   189
